 Dungeon Crawl Stone Soup version 0.29.1-12-g30fa7ad0bf (webtiles) character file.

Game seed: 12180254305734989835

1351 112233 the Thaumaturge (level 8, -5/41 HPs)
             Began as a Deep Elf Earth Elementalist on Dec 18, 2022.
             Was a Believer of Vehumet.
             Slain by a yak (10 damage)
             ... on level 4 of the Dungeon.
             The game lasted 00:04:52 (5658 turns).

112233 the Thaumaturge (DEEE)                       Turns: 5658, Time: 00:04:53

Health: -5/41      AC:  5    Str:  5    XL:     8   Next: 36%
Magic:  6/23       EV: 12    Int: 23    God:    Vehumet [**....]
Gold:   190        SH:  0    Dex: 15    Spells: 15/25 levels left

rFire   + . .      SeeInvis .   c - +2 short sword (elec)
rCold   + . .      Faith    .   (no shield)
rNeg    . . .      Spirit   .   e - +2 robe {rC+ rF+}
rPois   .          Reflect  .   (no helmet)
rElec   .          Harm     .   v - +0 cloak
rCorr   .          Rampage  .   (no gloves)
Will    .....                   (no boots)
Stlth   ++........              (no amulet)
HPRegen 0.13/turn               (no ring)
MPRegen 0.18/turn               (no ring)

@: very slightly contaminated
A: no striking features
a: Renounce Religion


You were on level 4 of the Dungeon.
You worshipped Vehumet.
Vehumet was pleased with you.
You visited 1 branch of the dungeon, and saw 6 of its levels.

You collected 190 gold pieces.

Inventory:

Hand Weapons
 c - a +2 short sword of electrocution (weapon)
 p - a +0 dagger of freezing
 w - a +3 spear
 x - a +1 dagger of pain
Missiles
 l - a throwing net
Armour
 a - a +0 robe
 e - a +2 robe of resistance (worn)
 t - a +0 tower shield
 v - a +0 cloak (worn)
Jewellery
 d - a +6 ring of strength
 k - an amulet of guardian spirit
Scrolls
 f - a scroll of noise {unknown}
 g - 2 scrolls of fear {unknown}
 h - 3 scrolls of identify {unknown}
 j - a scroll of brand weapon {unknown}
 m - a scroll of summoning {unknown}
 n - 2 scrolls of teleportation {unknown}
 o - a scroll of amnesia {unknown}
 q - a scroll of silence {unknown}
 r - 2 scrolls of immolation {unknown}
 s - a scroll of vulnerability {unknown}
 u - a scroll of magic mapping {unknown}
Potions
 b - a potion of magic
 i - 4 potions of degeneration


   Skills:
 - Level 2.5 Dodging
 - Level 2.6 Stealth
 + Level 9.2 Spellcasting
 - Level 1.3 Transmutations
 + Level 9.1 Earth Magic


You had 15 spell levels left.
You knew the following spells:

 Your Spells              Type           Power      Damage    Failure   Level
a - Sandblast             Erth           100%       2d20      1%          1
b - Stone Arrow           Conj/Erth      62%        3d10      2%          3
c - Passwall              Tmut/Erth      28%        N/A       1%          2
d - Petrify               Tmut/Erth      34%        N/A       7%          4

Your spell library contained the following spells:

 Spells                   Type           Power      Damage    Failure   Level
 Conjure Flame            Conj/Fire      10%        6-21      19%         3
 Gell's Gravitas          Tloc           10%        N/A       19%         3
 Summon Guardian Golem    Hex/Summ       10%        N/A       19%         3
 Teleport Other           Tloc           10%        N/A       19%         3
 Dispersal                Tloc           5%         N/A       100%        6
 Orb of Destruction       Conj           5%         9d5       100%        7
 Spellforged Servitor     Conj/Summ      5%         N/A       100%        7


Dungeon Overview and Level Annotations

Branches:
Dungeon (6/15)
 Temple: D:4-7

Altars:
Vehumet
Yredelemnul

Shops:
D:1 (


Message History

Aiming: Stone Arrow (dangerous; 3% risk of failure)
Press: ? - help, Shift-Dir - straight line, f/p - yak
Aim: a yak (severely wounded, 83% to hit)
The stone arrow misses the yak.
The stone arrow hits the yak!!
You kill the yak!
Vehumet accepts your kill. The yak gores you!
Casting: Stone Arrow (dangerous; 3% risk of failure)
Confirm with . or Enter, or press ? or * to list all spells.
Aiming: Sandblast (safe; 1% risk of failure)
Press: ? - help, Shift-Dir - straight line, f - yak
Aim: a yak (almost dead, 91% to hit)
The blast of sand hits the yak!!
You kill the yak!
Vehumet accepts your kill.
You feel your power returning.
Your Spellcasting skill increases to level 9!
Your Earth Magic skill increases to level 9!
Casting: Sandblast (safe; 1% risk of failure)
Confirm with . or Enter, or press ? or * to list all spells.
Aiming: Sandblast (safe; 1% risk of failure)
Press: ? - help, Shift-Dir - straight line, f - yak
Aim: a yak (91% to hit)
The blast of sand hits the yak!
The yak is heavily wounded.
The yak gores you!
* * * LOW HITPOINT WARNING * * *
The yak gores you.
* * * LOW HITPOINT WARNING * * *
Okay, then.
Okay, then.
Casting: Sandblast (safe; 1% risk of failure)
Confirm with . or Enter, or press ? or * to list all spells.
Aiming: Stone Arrow (dangerous; 2% risk of failure)
Press: ? - help, Shift-Dir - straight line, f/p - yak
Aim: a yak (heavily wounded, 84% to hit)
You miscast Stone Arrow.
You are very lightly contaminated with residual magic.
Nothing appears to happen.
The yak gores you!
You die...

#...##### ..# #...#...#..
# . ##.#.....# ### ..
..###...###. .###.
...#.###.#. .#.##
..#...#...# #...#
###...#)..#####...# #
..#...#...#...#...# .#
[..#.###.#.....#@###.#
..###...###...###Y..##
##.#.....#.###.#.†...#
#...#...#...#...#...#...#
#...#####...#...##### .##
#...#...#...#...# #
##.#.....#.###.#.
..###...###. [###.
###..#### ### ##


You could see a yak.

Vanquished Creatures
  Prince Ribbit (D:5)
  2 yaks (D:4)
  An ice beast (D:5)
  A bullfrog (D:6)
  A water moccasin zombie (D:5)
  A howler monkey (D:4)
  2 bullfrog zombies (D:5)
  2 hounds
  A gnoll bouda (D:6)
  2 orc priests (D:5)
  2 iguanas
  4 orc wizards (D:3)
  A scorpion zombie (D:5)
  A howler monkey zombie (D:5)
  9 gnolls
  3 adders
  An ufetubus (D:6)
  4 worms
  4 dart slugs
  13 orcs
  5 ball pythons
  9 bats
  7 endoplasms
  2 giant cockroaches
  6 goblins
  8 hobgoblins
  5 quokkas
  A frilled lizard (D:1)
  13 kobolds
  4 rats
116 creatures vanquished.

Vanquished Creatures (others)
  A plant (D:3)
1 creature vanquished.

Grand Total: 117 creatures vanquished

Notes
Turn   | Place    | Note
-------+----------+-------------------------------------------
     0 | D:1      | 112233 the Deep Elf Earth Elementalist began the quest for
                  | the Orb.
     0 | D:1      | Reached XP level 1. HP: 10/10 MP: 6/6
     6 | D:1      | Noticed a wolf
     6 | D:1      | Noticed a snapping turtle
     6 | D:1      | Noticed a polar bear
     7 | D:1      | Noticed a rime drake
     7 | D:1      | Noticed a redback
   153 | D:1      | Reached XP level 2. HP: 15/15 MP: 6/8
   475 | D:1      | Reached XP level 3. HP: 19/19 MP: 5/9
   543 | D:1      | Found Jomese's Weapon Emporium.
   785 | D:1      | Found a faded altar of an unknown god.
   791 | D:1      | Prayed at the altar of an unknown god.
   791 | D:1      | Became a worshipper of Vehumet
   791 | D:1      | Reached * piety under Vehumet
   791 | D:1      | Offered knowledge of Foxfire by Vehumet.
   796 | D:1      | Learned a level 3 spell: Stone Arrow
   799 | D:1      | Learned a level 2 spell: Passwall
   915 | D:2      | Reached skill level 5 in Earth Magic
   917 | D:2      | Reached XP level 4. HP: 20/24 MP: 4/10
  2087 | D:3      | Offered knowledge of Poisonous Vapours by Vehumet.
  2088 | D:3      | Reached XP level 5. HP: 15/28 MP: 8/13
  2102 | D:3      | Learned a level 4 spell: Petrify
  2167 | D:3      | Reached ** piety under Vehumet
  2920 | D:3      | Reached skill level 5 in Spellcasting
  3344 | D:3      | Reached XP level 6. HP: 18/32 MP: 12/15
  3587 | D:4      | You fall into a shaft and drop 1 floor!
  3587 | D:5      | Entered Level 5 of the Dungeon
  4145 | D:5      | Found a basalt altar of Yredelemnul.
  4636 | D:5      | Reached XP level 7. HP: 36/36 MP: 16/18
  5089 | D:5      | Noticed Prince Ribbit
  5098 | D:5      | Killed Prince Ribbit
  5098 | D:5      | Offered knowledge of Conjure Flame by Vehumet.
  5377 | D:4      | Reached XP level 8. HP: 41/41 MP: 15/22
  5658 | D:4      | Slain by a yak

Illustrated notes

Levels and vault maps discovered:
D:1:      onia_arrival_zoo_common, layout_rooms, serial_shops,
          nicolae_shop_bloodbath_and_beyond,
          shapermc_ecumenical_altar_hornbeckon, minmay_split_cup_large
D:2:      layout_basic, minmay_tree_intersection
D:3:      wad_lake_hut, layout_basic, grunt_ministairs_9, bh_walls_and_bars
D:4:      nicolae_cairo_tiling, layout_layer_cave,
          nicolae_ossuary_entry_catacombs
D:5:      layout_basic, nicolae_yredelemnul_corpse_copse,
          chequers_serial_rivers_marsh, moated_statue,
          minmay_increasing_density, uniq_prince_ribbit1
D:6:      cheibrodos_thug_alley, layout_cave_pools, serial_park,
          serial_park_square1 [serial_park_minivault_5x5_1], serial_park_gazebo
          [serial_park_minivault_5x5_4], skrybe_limestone_x

Skill      XL: |  1  2  3  4  5  6  7  8 |
---------------+-------------------------+-----
Earth Magic    | 4 5 6 7 8 9 |  9.1
Spellcasting   | 4 5 6 8 9 |  9.2
Dodging        | |  2.5
Stealth        | |  2.6
Transmutations | |  1.3

Action                   |  1- 3 |  4- 6 |  7- 9 || total
-------------------------+-------+-------+-------++-------
Melee: Unarmed           |     4 |       |       ||     4
       Dagger            |       |     3 |       ||     3
       Short sword       |       |     1 |       ||     1
 Cast: Sandblast         |    40 |   105 |    28 ||   173
       Stone Arrow       |       |     1 |    18 ||    19
  Use: Potion            |       |     4 |       ||     4
Armor: Robe              |     4 |    15 |     4 ||    23
       Skin              |       |    13 |       ||    13
Dodge: Dodged            |    22 |    33 |    13 ||    68
